 Dungeon Crawl Stone Soup version 0.30-a0-222-ge547ba4400 (webtiles) character file.

Game seed: 3093863373278297174

1930 pokeman the Thaumaturge (level 8, -10/44 HPs)
             Began as a Deep Elf Hedge Wizard on Oct 8, 2022.
             Shot with a bolt by an orc (12 damage)
             ... in a bailey.
             The game lasted 00:13:36 (5280 turns).

pokeman the Thaumaturge (Deep Elf Hedge Wizard)     Turns: 5280, Time: 00:13:37

Health: -10/44     AC:  4    Str:  7    XL:     8   Next: 97%
Magic:  21/24      EV: 12    Int: 22    God:
Gold:   391        SH:  0    Dex: 14    Spells: 9/28 levels left

rFire   + . .      SeeInvis .    g - +2 war axe (vorpal)
rCold   . . .      Faith    .    (no shield)
rNeg    . . .      Spirit   .    v - +0 leather armour
rPois   .          Reflect  .    c - +0 hat
rElec   .          Harm     .    (no cloak)
rCorr   .          Rampage  .    (no gloves)
Will    .....                    s - +0 pair of boots
Stlth   ++........               m - amulet of magic regeneration
HPRegen 0.27/turn                A - ring of protection from fire
MPRegen 0.59/turn                (no ring)

@: no status effects
A: no striking features
a: no special abilities


You were in a bailey.
You visited 1 branch of the dungeon, and saw 7 of its levels.
You also visited: Bailey.

You collected 391 gold pieces.

Inventory:

Hand Weapons
 g - a +2 vorpal war axe (weapon)
 J - a +0 arbalest
Missiles
 I - 2 throwing nets
Armour
 c - a +0 hat (worn)
 s - a +0 pair of boots (worn)
 v - a +0 leather armour (worn)
Magical Staves
 j - a staff of conjuration
 q - a staff of air
Jewellery
 m - an amulet of magic regeneration (around neck)
 A - a ring of protection from fire (left hand)
Wands
 D - a wand of light (6)
Scrolls
 b - a scroll of butterflies {unknown}
 e - 2 scrolls of amnesia {unknown}
 f - 7 scrolls of identify {unknown}
 l - 6 scrolls of enchant armour {unknown}
 p - a scroll of poison {unknown}
 t - 4 scrolls of enchant weapon {unknown}
 w - 2 scrolls of blinking {unknown}
 y - 2 scrolls of noise {unknown}
 E - 2 scrolls of teleportation {unknown}
 F - a scroll of acquirement {unknown}
 G - a scroll of magic mapping {unknown}
Potions
 a - 3 potions of heal wounds {unknown}
 d - a potion of magic
 h - a potion of brilliance {unknown}
 i - 2 potions of cancellation {unknown}
 k - 2 potions of flight {unknown}
 n - 2 potions of ambrosia {unknown}
 o - 6 potions of curing {unknown}
 r - 2 potions of mutation {unknown}
 u - 2 potions of degeneration {unknown}
 x - 2 potions of lignification {unknown}
 z - 2 potions of might {unknown}
 B - a potion of berserk rage {unknown}
 C - a potion of attraction {unknown}
 H - 2 potions of resistance {unknown}


   Skills:
 + Level 2.2 Fighting
 - Level 3.0 Armour
 - Level 3.0 Dodging
 - Level 3.0 Stealth
 * Level 10.6 Spellcasting
 + Level 5.7 Conjurations
 - Level 1.1 Summonings
 - Level 1.1 Translocations
 + Level 4.4 Fire Magic
 - Level 1.0 Air Magic
 - Level 1.0 Poison Magic
 - Level 1.2 Evocations


You had 9 spell levels left.
You knew the following spells:

 Your Spells              Type           Power      Damage    Failure   Level
a - Magic Dart            Conj           100%       1d8       1%          1
b - Mephitic Cloud        Conj/Pois/Air  23%        N/A       9%          3
c - Call Imp              Summ           16%        N/A       8%          2
d - Blink                 Tloc           32%        N/A       8%          2
e - Starburst             Conj/Fire      17%        6d6       83%         6
f - Fireball              Conj/Fire      17%        3d9       28%         5

Your spell library contained the following spells:

 Spells                   Type           Power      Damage    Failure   Level
 Dazzling Flash           Conj/Hex       48%        N/A       8%          3
 Slow                     Hex            44%        N/A       9%          1
 Cigotuvi's Dreadful Rot  Necr/Pois/Air  28%        N/A       10%         2
 Iskenderun's Mystic Bla  Conj/Tloc      26%        2d7       21%         4
 Iskenderun's Battlesphe  Conj           36%        2d9       22%         5
 Manifold Assault         Tloc           16%        N/A       45%         4
 Conjure Ball Lightning   Conj/Air       13%        3x3d6     97%         6
 Dispersal                Tloc           8%         N/A       100%        6
 Orb of Destruction       Conj           18%        9d8       100%        7
 Disjunction              Tloc           8%         N/A       100%        8


Dungeon Overview and Level Annotations

Branches:
Dungeon (7/15)             Bailey (1/1)
 Temple: D:4-7

Altars:
Kikubaaqudgha
Uskayaw
Wu Jian


Message History

Press: ? - help, Shift-Dir - straight line, f - orc, p - orc warrior
Aim: an orc, wielding a +0 arbalest and wearing a +0 scale mail (100% to hit)
The magic dart hits the orc but does no damage.
You hear a splash. x2
You feel a bit more experienced.
The orc shoots a bolt.
The bolt hits you!
* * * LOW HITPOINT WARNING * * *
Casting: Magic Dart (safe; 1% risk of failure)
Confirm with . or Enter, or press ? or * to list all spells.
Aiming: Magic Dart (safe; 1% risk of failure)
Press: ? - help, Shift-Dir - straight line, f/p - orc
Aim: an orc, wielding a +0 arbalest and wearing a +0 scale mail (100% to hit)
The magic dart hits the orc but does no damage.
The orc warrior mumbles something.
The orc warrior unwields a +0 arbalest.
The orc warrior misses you.
Unknown command.
Casting: Magic Dart (safe; 1% risk of failure)
Confirm with . or Enter, or press ? or * to list all spells.
Aiming: Magic Dart (safe; 1% risk of failure)
Press: ? - help, Shift-Dir - straight line, f/p - orc
Aim: an orc, wielding a +0 arbalest and wearing a +0 scale mail (100% to hit)
The magic dart hits the orc.
The orc is heavily wounded.
The orc shoots a bolt.
The bolt hits you!
* * * LOW HITPOINT WARNING * * *
Casting: Magic Dart (safe; 1% risk of failure)
Confirm with . or Enter, or press ? or * to list all spells.
Aiming: Mephitic Cloud (dangerous; 9% risk of failure)
Press: ? - help, Shift-Dir - straight line, f/p - orc
Aim: an orc, wielding a +0 arbalest and wearing a +0 scale mail (heavily wounded, chance to affect: 96%)
The ball explodes into a vile cloud!
The stinking cloud engulfs the orc but does no damage.
The orc is heavily wounded.
The orc warrior closely misses you.
An orc comes into view. It is wielding a +0 arbalest.
The orc is engulfed in noxious fumes.
The orc appears confused.
The orc falls into the water!
The orc drowns.
You hear a splash. x2
The orc warrior barely misses you.
The orc shoots a bolt.
The bolt hits you!
You die...

... ≈≈≈ .....≈
### . #.....≈
#.##≈ .. #.....≈
.... ....
#.....≈##.o ≈....
#.....≈≈#○##≈....
#......≈☼.§≈≈...#
#..............#
#.......@o....##
#.............#
#............##
#............#
#............#
#............#
#............##
#.............#
#.............##


You could see an orc warrior (confused) and an orc.

Vanquished Creatures
  Maggie (D:7)
  A sky beast (D:6)
  4 orc warriors (Bailey)
  2 ogres
  A centaur (D:7)
  2 phantoms (D:5)
  3 scorpions
  4 hounds
  An orc priest (D:5)
  Terence (D:3)
  5 iguanas
  2 orc wizards
  7 adders
  10 gnolls
  A shadow imp (D:6)
  An ufetubus (D:4)
  A worm (D:2)
  17 orcs
  5 bats
  2 endoplasms
  2 giant cockroaches
  12 goblins
  2 hobgoblins
  8 jackals
  3 quokkas
  5 ball pythons
  4 frilled lizards
  6 kobolds
  4 rats
117 creatures vanquished.

Notes
Turn   | Place    | Note
-------+----------+-------------------------------------------
     0 | D:1      | pokeman the Deep Elf Hedge Wizard began the quest for the
                  | Orb.
     0 | D:1      | Reached XP level 1. HP: 10/10 MP: 7/7
   380 | D:1      | Reached XP level 2. HP: 5/15 MP: 3/9
   828 | D:1      | Reached skill level 5 in Spellcasting
  1222 | D:2      | Reached XP level 3. HP: 20/20 MP: 8/11
  1226 | D:2      | Learned a level 3 spell: Mephitic Cloud
  1229 | D:2      | Learned a level 2 spell: Call Imp
  1232 | D:2      | Learned a level 2 spell: Blink
  1315 | D:2      | Reached skill level 1 in Armour
  1329 | D:2      | Reached skill level 1 in Fighting
  1570 | D:2      | Reached XP level 4. HP: 22/25 MP: 11/13
  2035 | D:3      | Found an ornate altar of the Wu Jian Council.
  2535 | D:3      | Noticed Terence
  2557 | D:3      | Killed Terence
  2558 | D:3      | Reached skill level 6 in Spellcasting
  2558 | D:3      | Reached XP level 5. HP: 29/29 MP: 13/15
  3064 | D:4      | Reached skill level 1 in Evocations
  3119 | D:4      | Reached skill level 1 in Air Magic
  3535 | D:4      | Reached XP level 6. HP: 33/34 MP: 14/17
  3618 | D:5      | Entered Level 5 of the Dungeon
  3628 | D:5      | Reached skill level 1 in Poison Magic
  3635 | D:5      | Learned a level 6 spell: Starburst
  3700 | D:5      | Reached skill level 7 in Spellcasting
  3893 | D:5      | Reached skill level 1 in Fire Magic
  3899 | D:5      | Learned a level 5 spell: Fireball
  3984 | D:5      | Reached XP level 7. HP: 39/39 MP: 15/20
  4118 | D:5      | Reached skill level 8 in Spellcasting
  4512 | D:6      | Found a hide-covered altar of Uskayaw.
  4556 | D:6      | Reached skill level 9 in Spellcasting
  4556 | D:6      | Reached XP level 8. HP: 29/44 MP: 18/23
  4704 | D:6      | Found an ancient bone altar of Kikubaaqudgha.
  5050 | D:7      | Found a flagged portal.
  5063 | D:7      | Noticed Maggie
  5068 | D:7      | Killed Maggie
  5069 | D:7      | Reached skill level 10 in Spellcasting
  5069 | D:7      | Reached skill level 5 in Conjurations
  5070 | Bailey   | Entered a bailey
  5278 | Bailey   | HP: 1/44 [orc/bolt (10)]
  5280 | Bailey   | Shot with a bolt by an orc

Illustrated notes

Levels and vault maps discovered:
D:1:      dpeg_arrival_tiny_f, layout_basic
D:2:      layout_basic, hangedman_decor_points, corexii_corridor_pit,
          grunt_decor_one_mirror, interstate_on_off, kennysheep_generic_room_7
D:3:      layout_loops_corners, lemuel_round_altar, uniq_terence
D:4:      layout_loops_ring, minmay_misc_feat_encased, corexii_hall_statues_t
D:5:      layout_basic
D:6:      layout_rooms, general_overflow_altar, mainiacjoe_overflow_24_doors
D:7:      cheibrodos_shockbox, layout_basic, nemelex_dance_club_becter,
          temple_doors_ab, enter_bailey_5, mrwooster_statue_mirror,
          eino_small_chamber_without_monster, amcnicky_mini_corridor_feature,
          uniq_maggie
Bailey:   bailey_polearm_2, bailey

Skill      XL: |  1  2  3  4  5  6  7  8 |
---------------+-------------------------+-----
Spellcasting   | 5 6 7 9 10 | 10.6
Armour         | 1 2 3 |  3.0
Fighting       | 1 2 |  2.2
Conjurations   | 2 3 4 5 |  5.7
Stealth        | 3 |  3.0
Dodging        | 3 |  3.0
Evocations     | 1 |  1.2
Air Magic      | 1 |  1.0
Poison Magic   | 1 |  1.0
Fire Magic     | 1 3 4 |  4.4
Summonings     | |  1.1
Translocations | |  1.1

Action                   |  1- 3 |  4- 6 |  7- 9 || total
-------------------------+-------+-------+-------++-------
Melee: War axe           |    24 |    31 |    27 ||    82
 Cast: Magic Dart        |    63 |   107 |   104 ||   274
       Mephitic Cloud    |     3 |     8 |    13 ||    24
       Call Imp          |       |     3 |       ||     3
       Blink             |       |     2 |       ||     2
 Stab: Sleeping          |     1 |       |     1 ||     2
       Confused          |       |     3 |     3 ||     6
Armor: Robe              |    10 |     2 |       ||    12
       Leather armour    |       |    15 |    12 ||    27
Dodge: Dodged            |    32 |    46 |    40 ||   118

Table legend: (Time is in decaauts)
 A = Elapsed time spent in this place.
 B = Non-inter-level travel time spent in this place.
 C = Inter-level travel time spent in this place.
 D = Time resting spent in this place.
 E = Time spent auto-exploring this place.
 F = Levels seen in this place.
 G = Mean time per level.
                   A        B        C        D        E       F      G
               +--------+--------+--------+--------+--------+-----+--------+
         Total |   5319 |   5129 |    190 |    108 |   4136 |   8 |  664.9 |
       Dungeon |   5108 |   4918 |    190 |    101 |   4010 |   7 |  729.7 |
        Bailey |    210 |    210 |      0 |      7 |    126 |   1 |  210.0 |
               +--------+--------+--------+--------+--------+-----+--------+

Top non-repeatable levels by time:
     D:1: 1181 daAuts
     D:3: 878 daAuts
     D:2: 858 daAuts
     D:4: 832 daAuts
     D:6: 682 daAuts
     D:5: 601 daAuts
  Bailey: 210 daAuts
     D:7: 73 daAuts
